[Event "Titled Tuesday Blitz May 24 Early 2022"]
[White "Castaneda, Jhon David"]
[Black "Ferguson, Randal"]
[WhiteFideId "4405048"]
[BlackFideId "30903106"]
[WhiteElo "2152"]
[BlackElo "2161"]
[Result "1-0"]
[Round "01"]
[TimeControl "180+1"]
[Date "2022.05.25"]
[WhiteClock "0:00:56"]
[BlackClock "0:00:01"]

1. d4 Nf6 2. Nf3 g6 3. c4 Bg7 4. Nc3 c5 5. d5 d6 6. e4 O-O 7. Be2 e6 8. O-O exd5 9. cxd5 a6 10. a4 Nbd7 11. Bf4 Qe7 12. Nd2 Ne5 13. Re1 Nfd7 14. Bg3 f6 15. f4 Nf7 16. Bg4 Nh6 17. Be6+ Kh8 18. f5 Ne5 19. Rf1 Bd7 20. Bf4 g5 21. Bxe5 dxe5 22. a5 Nf7 23. Qb3 Nd6 24. Na4 Bb5 25. Rfc1 g4 26. Nxc5 Bh6 27. Qd1 Be3+ 28. Kh1 Qg7 29. Rc3 Qh6 30. Nf1 Bf4 31. g3 Bg5 32. Qxg4 Rg8 33. Bxg8 Rxg8 34. Qf3 Qh3 35. Qg2 Qh5 36. Ne6 Bh6 37. Re1 Rg4 38. Rc7 Qe8 39. Qf3 1-0


[Site "https://www.chess.com"]

[Event "Titled Tuesday Blitz May 24 Early 2022"]
[White "Chen, Justin"]
[Black "Oparin, Grigoriy"]
[WhiteFideId "2098199"]
[BlackFideId "24125890"]
[WhiteElo "2532"]
[BlackElo "2665"]
[Result "1/2-1/2"]
[Round "01"]
[TimeControl "180+1"]
[Date "2022.05.24"]
[WhiteClock "0:00:03"]
[BlackClock "0:00:12"]

1. d4 Nf6 2. Bf4 d6 3. Nc3 g6 4. Qd2 a6 5. e4 b5 6. Bd3 Bb7 7. a3 Nbd7 8. Nf3 c5 9. d5 Bg7 10. Bh6 Bxh6 11. Qxh6 e5 12. dxe6 fxe6 13. e5 dxe5 14. Bxg6+ Ke7 15. Nxe5 Qf8 16. Qe3 Rc8 17. Bd3 Nxe5 18. Qxe5 Qh6 19. Ne4 Bxe4 20. Bxe4 Rhg8 21. Bb7 Nd7 22. Qe2 Rb8 23. Bf3 Qf4 24. Qd2 Qxd2+ 25. Kxd2 Ne5 26. Rae1 Nxf3+ 27. gxf3 Rbd8+ 28. Ke2 Rg5 29. Rhg1 Re5+ 30. Kf1 Rxe1+ 31. Kxe1 Kf6 32. Ke2 Rd5 33. Rg4 Rh5 34. h4 Rd5 35. Re4 h5 36. a4 b4 37. b3 Kf5 38. Rc4 a5 39. Re4 Rd4 40. Ke3 e5 41. Rxd4 cxd4+ 42. Kd3 Kf4 43. Ke2 Kf5 44. Kd3 Kf4 45. Ke2 Kf5 46. Kd3 1/2-1/2


[Site "https://www.chess.com"]

[Event "Titled Tuesday Blitz May 24 Early 2022"]
[White "Chen, Qi b"]
[Black "Meunier-Pion, Jean"]
[WhiteFideId "8614733"]
[BlackFideId "20685327"]
[WhiteElo "2432"]
[BlackElo "2124"]
[Result "0-1"]
[Round "01"]
[TimeControl "180+1"]
[Date "2022.05.25"]
[WhiteClock "0:00:02"]
[BlackClock "0:00:16"]

1. e4 c5 2. Nf3 d6 3. d4 cxd4 4. Nxd4 Nf6 5. Nc3 a6 6. h3 e6 7. g4 h6 8. f4 Qc7 9. Bg2 Nc6 10. Be3 Bd7 11. O-O e5 12. Nf5 g6 13. Ng3 Bg7 14. g5 hxg5 15. fxg5 Nh5 16. Nd5 Qd8 17. Qf3 Be6 18. Bb6 Qxg5 19. Nc7+ Kd7 20. Nxh5 Rxh5 21. Be3 Kxc7 22. Bxg5 Rxg5 23. c3 Rh8 24. Kh2 f5 25. exf5 gxf5 26. Rae1 f4 27. Rg1 Rg3 28. Qxg3 fxg3+ 29. Kxg3 Bf6 30. Kh2 Bxa2 31. Ref1 Rh6 32. Bxc6 Kxc6 33. Rg3 e4 34. Kg2 Bd5 35. Rg4 e3+ 36. Kg3 Be5+ 37. Rgf4 Rg6+ 0-1


[Site "https://www.chess.com"]

[Event "Titled Tuesday Blitz May 24 Early 2022"]
[White "Chernomordik, Pavel"]
[Black "Wagh Suyog"]
[WhiteFideId "2804530"]
[BlackFideId "25071688"]
[WhiteElo "2220"]
[BlackElo "2181"]
[Result "1-0"]
[Round "01"]
[TimeControl "180+1"]
[Date "2022.05.25"]
[WhiteClock "0:01:03"]
[BlackClock "0:00:33"]

1. e4 c5 2. Nc3 Nc6 3. Bb5 g6 4. Bxc6 dxc6 5. f4 Bg7 6. Nf3 Nf6 7. O-O O-O 8. d3 b6 9. h3 a5 10. Be3 a4 11. a3 Ne8 12. Qd2 Nc7 13. g4 Ne6 14. f5 Nd4 15. Bh6 Qd6 16. Kg2 b5 17. Bxg7 Kxg7 18. Rae1 Nxf3 19. Rxf3 Qe5 20. Ref1 b4 21. Nd1 bxa3 22. bxa3 Ba6 23. Ne3 c4 24. Qf2 f6 25. Nxc4 Bxc4 26. dxc4 Qxe4 27. Re1 Qxc4 28. Rxe7+ Rf7 29. Rxf7+ Qxf7 30. fxg6 hxg6 31. g5 f5 32. Qd4+ Kg8 33. Re3 f4 34. Rf3 Rf8 35. Qxa4 Qd5 36. Qb3 Rf5 37. Qxd5+ cxd5 38. a4 d4 39. h4 Kf7 40. Ra3 Ke6 41. a5 Rf7 42. a6 Ra7 43. Kf3 Kd5 44. Kxf4 Rf7+ 45. Kg3 Ra7 46. Kg4 Ke4 47. h5 gxh5+ 48. Kxh5 1-0


[Site "https://www.chess.com"]

[Event "Titled Tuesday Blitz May 24 Early 2022"]
[White "Chuemsakul, Sarocha"]
[Black "Zavgorodniy, Sergiy"]
[WhiteFideId "6203710"]
[BlackFideId "14110148"]
[WhiteElo "1703"]
[BlackElo "2420"]
[Result "1/2-1/2"]
[Round "01"]
[TimeControl "180+1"]
[Date "2022.05.25"]
[WhiteClock "0:00:06"]
[BlackClock "0:00:05"]

1. d4 Nf6 2. c4 e6 3. Nf3 Bb4+ 4. Bd2 Qe7 5. g3 Nc6 6. Bg2 Bxd2+ 7. Nbxd2 d6 8. O-O e5 9. d5 Nb8 10. e4 O-O 11. b4 Bg4 12. h3 Bxf3 13. Qxf3 c5 14. bxc5 dxc5 15. Rfb1 Ne8 16. a4 a5 17. Rb5 Qc7 18. Rab1 Nd6 19. Qe3 Na6 20. R5b2 Nb4 21. f4 Rae8 22. f5 f6 23. g4 Kf7 24. g5 Ke7 25. h4 Kd8 26. Bf1 b6 27. Kf2 g6 28. Bh3 gxf5 29. exf5 fxg5 30. Qxg5+ Qe7 31. Ke3 Nxf5+ 32. Bxf5 Qxg5+ 33. hxg5 Rxf5 34. Ne4 Ref8 35. Rf2 Rxf2 36. Nxf2 Nc2+ 37. Ke2 Nd4+ 38. Ke1 Kc7 39. Ne4 Rf4 40. Nc3 Rg4 41. Kd2 Rxg5 42. Rf1 Rg2+ 43. Kd3 Rg3+ 44. Kd2 Rg7 45. Rf6 h5 46. Rh6 h4 47. Ne4 Rg2+ 48. Kd3 Rg7 49. d6+ Kc6 50. Rxh4 Rf7 51. Rh8 Rf3+ 52. Kd2 Rf4 53. Rc8+ Kd7 54. Rc7+ Kd8 55. Kd3 Nf3 56. Rb7 Ne1+ 57. Ke3 Nc2+ 58. Kd3 Nb4+ 59. Ke3 Nc2+ 60. Kd3 Nb4+ 61. Ke3 Nc2+ 1/2-1/2


[Site "https://www.chess.com"]

[Event "Titled Tuesday Blitz May 24 Early 2022"]
[White "Ciuffoletti, Paolo"]
[Black "Jakubowski, Krzysztof"]
[WhiteFideId "807630"]
[BlackFideId "1112848"]
[WhiteElo "2143"]
[BlackElo "2365"]
[Result "0-1"]
[Round "01"]
[TimeControl "180+1"]
[Date "2022.05.25"]
[WhiteClock "0:00:23"]
[BlackClock "0:00:35"]

1. e4 c5 2. d4 cxd4 3. c3 dxc3 4. Nxc3 Nc6 5. Nf3 e6 6. Bc4 a6 7. O-O d6 8. Qe2 Nf6 9. Rd1 Qc7 10. Bf4 Ne5 11. Bxe5 dxe5 12. Rac1 Qb8 13. Nb5 Bd7 14. Qd3 Bc6 15. Nd6+ Bxd6 16. Qxd6 Qxd6 17. Rxd6 Ke7 18. Rdd1 Bxe4 19. Nxe5 Rhd8 20. f3 Bd5 21. a3 Rac8 22. Be2 Nd7 23. Nd3 Nb6 24. Nf4 Bb3 25. Rxd8 Rxc1+ 0-1


[Site "https://www.chess.com"]

[Event "Titled Tuesday Blitz May 24 Early 2022"]
[White "Costachi, Mihnea"]
[Black "Chojnacki, Slawomir"]
[WhiteFideId "1217518"]
[BlackFideId "1117076"]
[WhiteElo "2476"]
[BlackElo "2084"]
[Result "1-0"]
[Round "01"]
[TimeControl "180+1"]
[Date "2022.05.25"]
[WhiteClock "0:01:42"]
[BlackClock "0:01:05"]

1. e4 c6 2. Nf3 d5 3. Nc3 dxe4 4. Nxe4 Nf6 5. Qe2 Bf5 6. Nxf6+ gxf6 7. d3 Nd7 8. g3 e6 9. Bg2 Qc7 10. Bf4 Bd6 11. Bxd6 Qxd6 12. O-O-O O-O-O 13. Kb1 Ne5 14. Nxe5 Qxe5 15. Qd2 Qc5 16. Qf4 Qd6 17. Qh4 Qd4 18. Qh6 Bg6 19. Qe3 Qxe3 20. fxe3 f5 21. Rhf1 Bh5 22. Rde1 Rhg8 23. Rf4 Rg4 24. Ref1 Rxf4 25. Rxf4 Bg6 26. Kc1 Kd7 27. Kd2 Ke7 28. Kc3 e5 29. Rf1 h5 30. Bh3 h4 31. Bxf5 Bxf5 32. Rxf5 hxg3 33. hxg3 Ke6 34. Rg5 Rh8 35. a4 Kf6 36. Rg4 Kf5 37. Rb4 b6 38. a5 b5 39. g4+ Ke6 40. Re4 Kd5 41. Kb4 a6 42. c4+ Kd6 43. d4 Rb8 44. c5+ Kd7 45. Rxe5 Rg8 46. g5 Rh8 47. Kc3 Rh1 48. b4 Rc1+ 49. Kb2 Rc4 50. Kb3 Rc1 51. d5 Rb1+ 52. Kc3 Rd1 53. d6 1-0


[Site "https://www.chess.com"]

[Event "Titled Tuesday Blitz May 24 Early 2022"]
[White "Cremisi, Daniel"]
[Black "Bluebaum, Matthias"]
[WhiteFideId "2089882"]
[BlackFideId "24651516"]
[WhiteElo "2172"]
[BlackElo "2556"]
[Result "0-1"]
[Round "01"]
[TimeControl "180+1"]
[Date "2022.05.24"]
[WhiteClock "0:00:46"]
[BlackClock "0:01:47"]

1. d4 Nf6 2. c4 e6 3. Nf3 d5 4. Nc3 Bb4 5. cxd5 exd5 6. Bg5 h6 7. Bxf6 Qxf6 8. a3 Bxc3+ 9. bxc3 O-O 10. e3 c5 11. Be2 Bf5 12. Ne5 Nc6 13. Nxc6 bxc6 14. O-O Rab8 15. Bd3 Bxd3 16. Qxd3 c4 17. Qc2 Rb3 18. Rfb1 Rfb8 19. Rxb3 Rxb3 20. Rb1 Qg6 21. Qxg6 fxg6 22. Rc1 Rxa3 23. g3 a5 24. Kg2 a4 25. Kf3 Rb3 26. Kf4 Kf7 27. Ke5 Ke7 28. e4 dxe4 29. Kxe4 Kd6 30. f4 a3 31. g4 Rb2 32. Ra1 a2 33. h4 Re2+ 34. Kf3 Rc2 35. Ke4 Rh2 36. Kf3 Kd5 37. f5 g5 38. hxg5 hxg5 39. Re1 Rh3+ 0-1


[Site "https://www.chess.com"]

[Event "Titled Tuesday Blitz May 24 Early 2022"]
[White "D`Arruda, Ricardo D."]
[Black "Pranav, V"]
[WhiteFideId "100692"]
[BlackFideId "25060783"]
[WhiteElo "2506"]
[BlackElo "2349"]
[Result "0-1"]
[Round "01"]
[TimeControl "180+1"]
[Date "2022.05.24"]
[WhiteClock "0:01:28"]
[BlackClock "0:01:35"]

1. Nf3 Nf6 2. d4 e6 3. Nc3 d5 4. Bg5 h6 5. Bxf6 gxf6 6. e3 f5 7. Ne2 Nd7 8. g3 c6 9. Bg2 h5 10. Nf4 Nf6 11. c3 b6 12. Qc2 Ba6 13. O-O-O Bd6 14. Ne5 Bxe5 15. dxe5 Ng4 16. e4 fxe4 17. Bxe4 Qg5 18. Bg2 Nxe5 19. Rhe1 Ng6 20. Bxd5 Nxf4 21. Bxc6+ Ke7 22. gxf4 Qxf4+ 23. Kb1 Rad8 24. Qa4 Qxa4 25. Bxa4 Rhg8 26. Bc6 h4 27. h3 Bd3+ 28. Kc1 Bf5 29. Bg2 Rxg2 0-1


[Site "https://www.chess.com"]

[Event "Titled Tuesday Blitz May 24 Early 2022"]
[White "De Arruda, Leandro Formes"]
[Black "Suleymanli, Suleyman"]
[WhiteFideId "22722009"]
[BlackFideId "13416375"]
[WhiteElo "1852"]
[BlackElo "1598"]
[Result "0-1"]
[Round "01"]
[TimeControl "180+1"]
[Date "2022.05.25"]
[WhiteClock "0:00:06"]
[BlackClock "0:01:27"]

1. d4 d5 2. Nf3 Bf5 3. e3 e6 4. Bd3 Nf6 5. Nbd2 Bg6 6. O-O Bd6 7. Ne5 Nbd7 8. f4 c5 9. Bb5 a6 10. Bxd7+ Nxd7 11. c3 c4 12. Qf3 b5 13. g4 Bxe5 14. dxe5 Bd3 15. Re1 Nc5 16. Qh3 Be4 17. Nf3 Nd3 18. Rd1 Bxf3 19. Qxf3 Qb6 20. Kg2 O-O-O 21. Rb1 f6 22. exf6 gxf6 23. Bd2 Rhg8 24. Be1 h5 25. h3 hxg4 26. hxg4 Rg6 27. f5 Ne5 28. Qe2 Rxg4+ 29. Kf1 Rh8 30. Qf2 Rh1+ 31. Ke2 Rhg1 32. Rd4 R4g2 33. Rbd1 Rxf2+ 34. Bxf2 Rxd1 35. Kxd1 exf5 36. Rxd5 Qc6 37. Rd4 Qf3+ 38. Ke1 Nd3+ 0-1


[Site "https://www.chess.com"]

[Event "Titled Tuesday Blitz May 24 Early 2022"]
[White "De Souza, Cristiano Gomes"]
[Black "Tregubov, Pavel V."]
[WhiteFideId "2151758"]
[BlackFideId "4115341"]
[WhiteElo "2068"]
[BlackElo "2341"]
[Result "0-1"]
[Round "01"]
[TimeControl "180+1"]
[Date "2022.05.25"]
[WhiteClock "0:01:21"]
[BlackClock "0:01:09"]

1. d4 Nf6 2. c4 e6 3. Nf3 Bb4+ 4. Bd2 Qe7 5. a3 Bxd2+ 6. Qxd2 O-O 7. Nc3 d5 8. e3 Rd8 9. Rc1 c6 10. Be2 dxc4 11. Bxc4 Nbd7 12. O-O e5 13. dxe5 Nxe5 14. Qe2 Bg4 15. Rfd1 Nfd7 16. Ba2 Qf6 17. Ne4 Nxf3+ 18. gxf3 Qxf3 19. Qxf3 Bxf3 20. Nd6 Ne5 21. Rd4 Rd7 22. Rc2 Rad8 23. Rcd2 c5 24. Nxf7 cxd4 25. Nxd8+ Bd5 26. Bxd5+ Rxd5 27. Kg2 Rxd8 28. Rxd4 Rxd4 29. exd4 Nc4 0-1


[Site "https://www.chess.com"]

[Event "Titled Tuesday Blitz May 24 Early 2022"]
[White "Derraugh, Geordie"]
[Black "Urazayev, Arystanbek"]
[WhiteFideId "2603950"]
[BlackFideId "13709810"]
[WhiteElo "2116"]
[BlackElo "2422"]
[Result "0-1"]
[Round "01"]
[TimeControl "180+1"]
[Date "2022.05.25"]
[WhiteClock "0:00:06"]
[BlackClock "0:01:23"]

1. e4 e5 2. Nf3 Nc6 3. d4 exd4 4. Bc4 Nf6 5. e5 d5 6. Bb5 Ne4 7. Nxd4 Bd7 8. Bxc6 bxc6 9. O-O Bc5 10. Be3 Bb6 11. f3 Ng5 12. f4 Ne4 13. Nd2 Nxd2 14. Qxd2 c5 15. Nf3 d4 16. Bf2 Bc6 17. Bh4 Qd5 18. Kh1 Kd7 19. c4 Qxc4 20. f5 Kc8 21. b3 Qd5 22. Rac1 Kb7 23. a4 a5 24. Rc4 Rae8 25. Rfc1 Bd7 26. Qf4 h6 27. Bg3 g5 28. fxg6 fxg6 29. Nxd4 Rhf8 30. Qxh6 cxd4 31. e6 Qxe6 32. h3 c5 33. Qd2 Bc6 34. Kh2 Qe2 35. Qxe2 Rxe2 36. Rg1 Bd5 0-1


[Site "https://www.chess.com"]

[Event "Titled Tuesday Blitz May 24 Early 2022"]
[White "Dimitrov, Atanas"]
[Black "Odegov, Artem"]
[WhiteFideId "2901315"]
[BlackFideId "34183644"]
[WhiteElo "2704"]
[BlackElo "2286"]
[Result "0-1"]
[Round "01"]
[TimeControl "180+1"]
[Date "2022.05.25"]
[WhiteClock "0:00:05"]
[BlackClock "0:00:09"]

1. Nf3 d5 2. c4 c6 3. b3 Nf6 4. Bb2 Bf5 5. e3 e6 6. Nc3 h6 7. Be2 Be7 8. O-O O-O 9. h3 Nbd7 10. d4 Qc7 11. Rc1 Rad8 12. Nd2 Qb8 13. Bf3 b5 14. cxb5 cxb5 15. Ne2 Nb6 16. Ng3 Bd3 17. Be2 Bxe2 18. Qxe2 Bd6 19. f4 a6 20. Nh5 Nxh5 21. Qxh5 Nd7 22. Qf3 f5 23. Rc2 Rc8 24. Rfc1 Rxc2 25. Rxc2 Rc8 26. Qd1 Rxc2 27. Qxc2 Qc7 28. Qxc7 Bxc7 29. Kf2 Nf6 30. Ke2 g5 31. g3 g4 32. hxg4 Nxg4 33. Ba3 Nf6 34. Bb4 Kf7 35. a4 bxa4 36. bxa4 Ne8 37. Nb3 Bd6 38. Bc3 Nc7 39. Kf3 Na8 40. Ba5 Kf6 41. g4 Bc7 42. Bb4 Nb6 43. Nc5 Nc4 44. Nxa6 Bd8 45. Nc5 fxg4+ 46. Kf2 h5 47. Nd7+ Kf5 48. Nc5 h4 49. Nb7 g3+ 50. Kf3 Bc7 51. a5 Bb8 52. a6 Ba7 53. Bc5 Nd2+ 54. Kg2 Kg4 55. Bxa7 h3+ 56. Kg1 Nf3+ 57. Kf1 g2+ 58. Ke2 g1=Q 59. Kd3 Qd1+ 60. Kc3 Qd2+ 61. Kb3 Qxe3+ 62. Ka4 Qe2 63. Bc5 Qa2+ 64. Kb5 Qc4+ 65. Kb6 Nxd4 66. a7 Qb5+ 67. Kc7 Qc6+ 68. Kb8 Qe8+ 69. Kc7 Nb5+ 70. Kb6 Nxa7 71. Kxa7 h2 72. Nd6 Qd7+ 73. Kb6 h1=Q 74. Nc4 Qb1+ 0-1


[Site "https://www.chess.com"]

[Event "Titled Tuesday Blitz May 24 Early 2022"]
[White "Djokic, Mihailo"]
[Black "Sarkar, Justin"]
[WhiteFideId "976440"]
[BlackFideId "2010011"]
[WhiteElo "2202"]
[BlackElo "2020"]
[Result "1-0"]
[Round "01"]
[TimeControl "180+1"]
[Date "2022.05.25"]
[WhiteClock "0:00:56"]
[BlackClock "0:00:02"]

1. e4 c5 2. Nf3 d6 3. d4 cxd4 4. Nxd4 Nf6 5. Nc3 a6 6. Rg1 e5 7. Nb3 Be6 8. g4 d5 9. exd5 Nxd5 10. Nxd5 Bxd5 11. Be3 Nc6 12. Qd2 Bf3 13. Rg3 Qxd2+ 14. Nxd2 Bd5 15. c3 O-O-O 16. Bc4 b5 17. Bxd5 Rxd5 18. O-O-O Be7 19. Ne4 Rxd1+ 20. Kxd1 h5 21. gxh5 f5 22. Rg6 Kc7 23. Nc5 Bxc5 24. Bxc5 Rxh5 25. Rxg7+ Kd8 26. Rg6 Kd7 27. Rg7+ Ke6 28. Rg2 e4 29. Be3 a5 30. Bf4 Kd5 31. Rg7 Ne5 32. Bg3 Nd3 33. Rd7+ Ke6 34. Rd6+ Ke7 35. Rd5 Rh3 36. Rxf5 Nxb2+ 37. Kc2 Nc4 38. Kc1 e3 39. fxe3 Nxe3 40. Re5+ 1-0


[Site "https://www.chess.com"]

[Event "Titled Tuesday Blitz May 24 Early 2022"]
[White "Dmitrenko, Viktor"]
[Black "Garriga Cazorla, Pere"]
[WhiteFideId "14110270"]
[BlackFideId "32011601"]
[WhiteElo "2218"]
[BlackElo "2433"]
[Result "1/2-1/2"]
[Round "01"]
[TimeControl "180+1"]
[Date "2022.05.25"]
[WhiteClock "0:00:24"]
[BlackClock "0:00:44"]

1. d4 Nf6 2. Nf3 e6 3. c4 d5 4. Nc3 dxc4 5. Bg5 a6 6. a4 Bb4 7. e3 h6 8. Bxf6 Qxf6 9. Bxc4 O-O 10. O-O Qe7 11. Qb3 Nc6 12. Qc2 Bd6 13. Ne4 Nb4 14. Qb3 a5 15. Rac1 b6 16. Nxd6 cxd6 17. e4 Bb7 18. Qe3 Rac8 19. Bb5 Rfd8 20. Rc3 e5 21. d5 Rc5 22. Nd2 Bc8 23. Nb3 Bd7 24. Nxc5 bxc5 25. Bxd7 Qxd7 26. f4 Re8 27. f5 f6 28. b3 Rb8 29. Qe2 Qb7 30. Rg3 Na6 31. Qh5 c4 32. bxc4 Qa7+ 33. Kh1 Nc5 34. Rg4 Nd3 35. h4 Nf2+ 36. Rxf2 Qxf2 37. Rxg7+ Kxg7 38. Qg6+ Kf8 39. Qxf6+ Ke8 40. Qe6+ Kd8 41. Qxd6+ Kc8 42. Qc6+ Kd8 43. Qd6+ Kc8 44. Qc6+ Kd8 45. Qd6+ 1/2-1/2


[Site "https://www.chess.com"]

[Event "Titled Tuesday Blitz May 24 Early 2022"]
[White "Domingo Nunez, Ruben"]
[Black "Valle Maytin, Luis Enrique"]
[WhiteFideId "22245570"]
[BlackFideId "3503666"]
[WhiteElo "2376"]
[BlackElo "2257"]
[Result "1-0"]
[Round "01"]
[TimeControl "180+1"]
[Date "2022.05.25"]
[WhiteClock "0:00:07"]
[BlackClock "0:00:14"]

1. Nf3 Nf6 2. c4 c5 3. g3 Nc6 4. Bg2 g6 5. O-O Bg7 6. d4 cxd4 7. Nxd4 O-O 8. Nc3 a6 9. Bg5 Qb6 10. Nb3 d6 11. Bxf6 exf6 12. Qxd6 Rd8 13. Nd5 Qxf2+ 14. Rxf2 Rxd6 15. c5 Rd8 16. Nb6 Rb8 17. Bxc6 bxc6 18. Na5 Bd7 19. Rd1 Be8 20. Rff1 f5 21. b4 Bc3 22. a3 Bb2 23. Nac4 Bd4+ 24. e3 Bf6 25. Rd6 Be7 26. Rd4 Bf6 27. Rdd1 Kf8 28. Kf2 Ke7 29. Kf3 Bd7 30. Rd6 Be6 31. Rxc6 Rd3 32. Rc7+ Kf8 33. Nd6 Bg5 34. Nd7+ Bxd7 35. Rxd7 Rxe3+ 36. Kf2 Rxa3 37. Rxf7+ Kg8 38. Re1 Ra2+ 39. Kf1 Ra4 40. h4 Bd8 41. Re8# 1-0


[Site "https://www.chess.com"]

[Event "Titled Tuesday Blitz May 24 Early 2022"]
[White "Donchenko, Alexander"]
[Black "Manukian, Artak"]
[WhiteFideId "24603295"]
[BlackFideId "13301373"]
[WhiteElo "2572"]
[BlackElo "2500"]
[Result "1-0"]
[Round "01"]
[TimeControl "180+1"]
[Date "2022.05.24"]
[WhiteClock "0:01:37"]
[BlackClock "0:00:05"]

1. d4 d5 2. Nf3 Nf6 3. Bf4 e6 4. e3 c5 5. c3 Nc6 6. Nbd2 Qb6 7. Qb3 c4 8. Qc2 Be7 9. Be2 O-O 10. O-O Bd7 11. h3 h6 12. b3 cxb3 13. axb3 Rfc8 14. Rfc1 a6 15. c4 Nb4 16. Qb2 Qd8 17. Ne5 Be8 18. c5 Nc6 19. Ndf3 Nxe5 20. Nxe5 Nd7 21. Nf3 Nf8 22. b4 Ng6 23. Bg3 Bb5 24. Bd1 Bf6 25. Bc2 Ne7 26. Ne5 Nc6 27. Nxc6 bxc6 28. Qc3 Qd7 29. Bd3 Qb7 30. Rcb1 Bd8 31. Ra3 Bc7 32. Bxc7 Rxc7 33. Bxb5 cxb5 34. Rba1 Rc6 35. Qd3 g6 36. e4 Qd7 37. Qe3 dxe4 38. Qxe4 Qd5 39. Qxd5 exd5 40. Ra5 Re6 41. Rxb5 Re4 42. Rb7 Rxd4 43. Re1 Rc4 44. Ree7 a5 45. bxa5 Rxc5 46. Rxf7 Rcxa5 47. Rg7+ Kf8 48. Rh7 Kg8 49. Rxh6 R5a6 50. Rhh7 Rd6 51. Rbd7 Rxd7 52. Rxd7 Ra5 53. Kh2 Ra2 54. Kg3 Rd2 55. f4 Kf8 56. Kf3 Kg8 57. g3 d4 58. h4 Kf8 59. Kg4 Kg8 60. Kg5 Rg2 61. g4 1-0


[Site "https://www.chess.com"]

[Event "Titled Tuesday Blitz May 24 Early 2022"]
[White "Drygalov, Sergey"]
[Black "Dobre, Claudiu-Cristian"]
[WhiteFideId "24171743"]
[BlackFideId "1211854"]
[WhiteElo "2514"]
[BlackElo "2207"]
[Result "1-0"]
[Round "01"]
[TimeControl "180+1"]
[Date "2022.05.24"]
[WhiteClock "0:00:18"]
[BlackClock "0:00:02"]

1. d4 d5 2. c4 c6 3. Nf3 Nf6 4. Nc3 e6 5. e3 Nbd7 6. Qc2 Bd6 7. Bd3 O-O 8. O-O dxc4 9. Bxc4 e5 10. h3 Qe7 11. a3 b6 12. Bd2 Bb7 13. Rfe1 Rad8 14. e4 Bb8 15. d5 b5 16. dxc6 bxc4 17. cxb7 Nb6 18. Bg5 h6 19. Bxf6 Qxf6 20. a4 a5 21. Rad1 Qc6 22. Nd5 Qxb7 23. Nxb6 Qxb6 24. Qxc4 Qxb2 25. Rb1 Qa3 26. Rb7 Rc8 27. Qb5 Rc5 28. Qd7 Rc4 29. Reb1 Bd6 30. Nh4 Rc1+ 31. Kh2 Rxb1 32. Rxb1 g6 33. Rb7 Kg7 34. Qe6 g5 35. Nf5+ 1-0


[Site "https://www.chess.com"]

[Event "Titled Tuesday Blitz May 24 Early 2022"]
[White "Durarbayli, Vasif"]
[Black "Tomaszewski, Kacper"]
[WhiteFideId "13402935"]
[BlackFideId "1127373"]
[WhiteElo "2528"]
[BlackElo "2153"]
[Result "1-0"]
[Round "01"]
[TimeControl "180+1"]
[Date "2022.05.25"]
[WhiteClock "0:00:11"]
[BlackClock "0:00:03"]

1. d4 d5 2. c4 e6 3. Nc3 Nf6 4. cxd5 Nxd5 5. e4 Nxc3 6. bxc3 c5 7. Rb1 Be7 8. Nf3 O-O 9. Bb5 a6 10. Be2 Qc7 11. O-O Rd8 12. Be3 Nc6 13. a4 cxd4 14. cxd4 a5 15. Qc1 Qd6 16. Rd1 Nb4 17. Bb5 Bd7 18. Bf4 e5 19. dxe5 Qe6 20. Nd4 Qg4 21. h3 Qh5 22. Bxd7 Rxd7 23. Nf5 Rxd1+ 24. Qxd1 Qxd1+ 25. Rxd1 Bf8 26. Nd6 b6 27. Be3 Rb8 28. f4 Na2 29. Rd3 Nb4 30. Rc3 f6 31. Nc4 fxe5 32. Nxe5 b5 33. Nd7 Rb7 34. Nxf8 Kxf8 35. axb5 Rxb5 36. Kf2 Kf7 37. Kf3 h5 38. Rc7+ Kg6 39. f5+ Kh7 40. Bd4 a4 41. Rxg7+ Kh6 42. g4 hxg4+ 43. hxg4 Nc2 44. g5+ Kh5 45. Kf4 1-0


[Site "https://www.chess.com"]

[Event "Titled Tuesday Blitz May 24 Early 2022"]
[White "Ehlvest, Jaan"]
[Black "Dahlgren, James Allen"]
[WhiteFideId "4500016"]
[BlackFideId "22256873"]
[WhiteElo "2505"]
[BlackElo "2064"]
[Result "1-0"]
[Round "01"]
[TimeControl "180+1"]
[Date "2022.05.25"]
[WhiteClock "0:01:19"]
[BlackClock "0:00:27"]

1. e4 e6 2. Nf3 c5 3. c4 Nf6 4. Nc3 d5 5. e5 d4 6. exf6 dxc3 7. bxc3 Qxf6 8. d4 cxd4 9. Bg5 Qg6 10. Bd3 f5 11. O-O dxc3 12. Re1 Nc6 13. h4 Bd7 14. Qb3 Bd6 15. c5 Bxc5 16. Qxc3 Bb4 17. Qb3 Bxe1 18. Rxe1 O-O 19. Qxb7 Qf7 20. Rd1 Rab8 21. Qc7 Rfc8 22. Qd6 h6 23. Ba6 hxg5 24. Bxc8 Rxc8 25. Nxg5 Qf8 26. Qxd7 e5 27. Qe6+ Kh8 28. Qg6 1-0


[Site "https://www.chess.com"]

[Event "Titled Tuesday Blitz May 24 Early 2022"]
[White "Fernandez Siles, Luis"]
[Black "Macovei, Andrei"]
[WhiteFideId "2209420"]
[BlackFideId "13904680"]
[WhiteElo "2212"]
[BlackElo "2472"]
[Result "0-1"]
[Round "01"]
[TimeControl "180+1"]
[Date "2022.05.25"]
[WhiteClock "0:00:17"]
[BlackClock "0:00:16"]

1. e4 g6 2. Nc3 Bg7 3. f4 c5 4. Nf3 Nc6 5. Bb5 Nd4 6. O-O Nxb5 7. Nxb5 Nf6 8. d3 O-O 9. Qe1 a6 10. Nc3 b5 11. f5 b4 12. Ne2 d5 13. Qh4 dxe4 14. dxe4 Bb7 15. Ng3 c4 16. Bh6 Qb6+ 17. Kh1 Bxh6 18. Qxh6 Bxe4 19. Rae1 Bxf3 20. Rxf3 Rfe8 21. h4 Qd4 22. Rf4 Qd2 23. Ref1 Nd5 24. Nh5 gxh5 25. Rg4+ hxg4 26. Qxd2 Nf6 27. Qxb4 Rab8 28. Qxc4 Rxb2 29. Re1 Kg7 30. Qc3 Rxa2 31. Re4 h5 32. Re1 Ra4 33. Re5 Rf4 34. Kh2 g3+ 35. Kxg3 Rg4+ 36. Kh3 Rb8 37. Re3 Rb1 38. Rg3 Rh1# 0-1


[Site "https://www.chess.com"]

[Event "Titled Tuesday Blitz May 24 Early 2022"]
[White "Ferreira, Vitor Hugo Vieira"]
[Black "Antipov, Mikhail Al."]
[WhiteFideId "2119765"]
[BlackFideId "4107012"]
[WhiteElo "2165"]
[BlackElo "2512"]
[Result "0-1"]
[Round "01"]
[TimeControl "180+1"]
[Date "2022.05.24"]
[WhiteClock "0:00:08"]
[BlackClock "0:00:07"]

1. Nf3 Nf6 2. g3 g6 3. Bg2 Bg7 4. O-O O-O 5. c4 d6 6. d4 Bf5 7. Qb3 Qc8 8. Nc3 Nc6 9. d5 Na5 10. Qa4 b6 11. Nd4 Bd7 12. Qb4 Ng4 13. Nb3 c5 14. dxc6 Nxc6 15. Qa3 Nge5 16. Nd2 Nd4 17. Nd5 Re8 18. Be4 Nxe2+ 19. Kh1 Nxc4 20. Qd3 e6 21. Qxc4 exd5 22. Bxd5 Be6 23. Bxe6 Rxe6 24. Rb1 Qb7+ 25. f3 Rc8 26. Qd3 d5 27. Nb3 Rce8 28. Bd2 d4 29. Rbe1 h5 30. Nc1 Qe7 31. Nb3 Qd7 32. Kg2 h4 33. gxh4 Re3 34. Bxe3 Rxe3 35. Qxe2 Rxe2+ 36. Rxe2 d3 37. Rd2 Bh6 38. f4 Qg4+ 39. Kh1 Qh3 40. Rfd1 Qf3+ 41. Kg1 Bxf4 42. Rxd3 Be3+ 43. Rxe3 Qxe3+ 44. Kf1 Qf3+ 45. Ke1 Qh1+ 46. Kd2 Qxh2+ 47. Kc3 Qxh4 48. Rd7 Qf6+ 49. Rd4 a6 50. Nd2 Kg7 51. Ne4 Qc6+ 52. Kd3 f5 53. Nc3 b5 54. a3 g5 55. Rd5 Kg6 56. Kd4 g4 57. Ke5 Qf6+ 58. Kf4 Qg5+ 59. Ke5 g3 60. Ke6 g2 61. Ne2 Qe3+ 62. Kd6 Qxe2 63. Re5 Qxe5+ 0-1


[Site "https://www.chess.com"]